 Dungeon Crawl Stone Soup version 0.20.0 (webtiles) character file.

47 Danakh the Slasher (level 3, -4/22 HPs)
             Began as a Tengu Warper on May 31, 2017.
             Killed by nerve-wracking pain
             ... invoked by Jessica
              (14 damage)
             ... on level 2 of the Dungeon.
             The game lasted 00:04:07 (1192 turns).

Danakh the Slasher (Tengu Warper)                   Turns: 1192, Time: 00:04:08

Health: -4/22      AC:  6    Str: 11    XL:     3   Next: 70%
Magic:  7/7        EV: 12    Int: 13    God:
Gold:   143        SH:  0    Dex: 14    Spells: 4/6 levels left

rFire    . . .     SeeInvis .   a - +0 falchion
rCold    . . .     Gourm    .   (no shield)
rNeg     . . .     Faith    .   b - +0 leather armour
rPois    .         Spirit   .   l - +2 hat
rElec    .         Reflect  .   (no cloak)
rCorr    .         Harm     .   r - +0 pair of gloves
MR       .....                  (boots unavailable)
Stlth    +.........             (no amulet)
Regen    0.1/turn               (no ring)
MPRegen  0.1/turn               (no ring)

@: no status effects
A: beak, talons 3
a: no special abilities


You were on level 2 of the Dungeon.
You were not hungry.

You visited 1 branch of the dungeon, and saw 3 of its levels.

You collected 143 gold pieces.

Inventory:

Hand Weapons
 a - a +0 falchion (weapon)
Missiles
 e - 5 tomahawks of dispersal (quivered)
Armour
 b - a +0 leather armour (worn)
 l - a +2 hat (worn)
 r - a +0 pair of gloves (worn)
Scrolls
 d - a scroll of blinking
 g - 2 scrolls of identify {unknown}
 h - 2 scrolls of remove curse {unknown}
 j - 2 scrolls of teleportation {unknown}
 n - a scroll of fear {unknown}
 p - a scroll of magic mapping {unknown}
Potions
 m - a potion of flight {unknown}
 o - 3 potions of might {unknown}
 q - a potion of brilliance {unknown}
 s - a potion of cancellation {unknown}
 t - a potion of curing {unknown}
Books
 c - a book of Spatial Translocations

   Spells                             Type                      Level
   a - Blink                          Translocation                2
   b - Shroud of Golubria             Charms/Translocation         2
   c - Lesser Beckoning               Translocation                3
   d - Gell's Gravitas                Translocation                3
   e - Teleport Other                 Translocation                3
   f - Passage of Golubria            Translocation                4
 k - a book of Cantrips

   Spells                             Type                      Level
   a - Confusing Touch                Hexes                        1
   b - Animate Skeleton               Necromancy                   1
   c - Summon Small Mammal            Summoning                    1
   d - Apportation                    Translocation                1
Comestibles
 f - 2 bread rations
 i - 3 fruits
 u - 2 chunks of flesh


   Skills:
 + Level 2.4 Fighting
 * Level 3.1 Long Blades
 - Level 1.0 Throwing
 + Level 2.1 Armour
 + Level 2.6 Dodging
 - Level 2.0 Spellcasting
 - Level 2.4 Translocations


You had 4 spell levels left.
You knew the following spells:

 Your Spells              Type           Power        Failure   Level  Hunger
b - Blink                 Tloc           N/A          19%         2    ###....


Dungeon Overview and Level Annotations

Branches:
Dungeon (3/15)

Altars:

Annotations:
D:2 Jessica


Innate Abilities, Weirdness & Mutations

You have a beak for a mouth.
You have claws for feet.


Message History

The kobold hits you but does no damage. The kobold barely misses you.
You are too injured to fight recklessly!
You are too injured to fight recklessly!
You are too injured to fight recklessly!
Jessica hits you but does no damage.
Jessica mumbles something strange.
You see here a stone.
Jessica mumbles some strange words.
Jessica seems to speed up.
Jessica says, "Why did you come here?"
A rat comes into view.
There is an escape hatch in the ceiling here.
Jessica hits you but does no damage. x2
A mysterious force pulls you upwards. The hatch slams shut behind you.
Jessica points at you and mumbles some strange words.
You resist with some effort. Jessica casts a spell at you.
Pain shoots through your body!
Ouch! That really hurt!
You die...

##### ######...# ##........#
####################..####...####
................@.@..........(...
#######.......................†..
#....###.....#######.#.....
#...........## ##...######
#....######..# ##..### #....#
##.###..## ##### #....#
###.)...## ### # >...# #....###
#....#### #.## ##
....####.#...###.##..# #..###.


You could see Jessica.

Vanquished Creatures
  2 worms (D:2)
  2 dart slugs (D:1)
  A ball python (D:2)
  A giant cockroach (D:1)
  5 hobgoblins
  2 jackals (D:2)
  7 bats
  3 frilled lizards
  7 goblins
  4 kobolds
  2 rats
36 creatures vanquished.

Notes
Turn   | Place    | Note
-------+----------+-------------------------------------------
     0 | D:1      | Danakh the Tengu Warper began the quest for the Orb.
     0 | D:1      | Reached XP level 1. HP: 12/12 MP: 4/4
    71 | D:1      | Reached XP level 2. HP: 17/17 MP: 6/6
   625 | D:2      | Learned a level 2 spell: Blink
   687 | D:2      | Reached XP level 3. HP: 21/21 MP: 7/7
  1056 | D:2      | Reached skill level 3 in Long Blades
  1170 | D:3      | Noticed Jessica
  1192 | D:2      | Killed from afar by Jessica

Skill      XL: |  1  2  3 |
---------------+----------+-----
Armour         | 2 |  2.1
Long Blades    | 3 |  3.1
Fighting       | |  2.4
Throwing       | |  1.0
Dodging        | |  2.6
Spellcasting   | |  2.0
Translocations | |  2.4

Action                   || total
-------------------------++-------
Melee: Falchion          ||    89
       Kick              ||    29
       Peck              ||    12
  Eat: Chunk             ||     1
Armor: Leather armour    ||    40
Dodge: Dodged            ||    83
       Rpst.: Falchion   ||    26
